 Dungeon Crawl Stone Soup version 0.27.1-3-gb3d3a73c9e (webtiles) character file.

Game seed: 6261027484179203855

2933 belegose the Basher (level 9, -3/68 HPs)
             Began as a Gnoll Wanderer on Oct 5, 2021.
             Was an Initiate of Makhleb.
             Slain by a hornet (13 damage)
             ... on level 8 of the Dungeon.
             The game lasted 00:21:24 (7359 turns).

belegose the Basher (Gnoll Wanderer)                Turns: 7359, Time: 00:21:24

Health: -3/68      AC: 15    Str: 13    XL:     9   Next: 80%
Magic:  15/15      EV: 10    Int: 13    God:    Makhleb [......]
Gold:   283        SH:  0    Dex: 12    Spells: 17/17 levels left

rFire    . . .     SeeInvis +   B - +2 trident
rCold    . . .     Faith    .   (no shield)
rNeg     . . .     Spirit   .   c - +2 scale mail
rPois    .         Reflect  .   D - +0 hat {SInv}
rElec    .         Harm     .   (no cloak)
rCorr    .         Rampage  .   r - +1 pair of gloves
Will     .....                  n - +2 pair of boots
Stlth    +.........             h - amulet of regeneration
HPRegen  1.21/turn              (no ring)
MPRegen  0.14/turn              (no ring)

@: lethally poisoned (-3 -> -4), slowed, very slow
A: fangs 1, strong nose, distributed training
a: Renounce Religion


You were on level 8 of the Dungeon.
You worshipped Makhleb.
Makhleb was noncommittal.
You visited 2 branches of the dungeon, and saw 9 of its levels.
You also visited: Ossuary.

You collected 309 gold pieces.
You spent 26 gold pieces at shops.

Inventory:

Hand Weapons
 a - a +2 short sword of freezing
 b - a +0 morningstar
 B - a +2 trident (weapon)
Missiles
 d - 138 stones
 m - 4 curare-tipped darts
 p - 48 bolts
 x - 26 poisoned darts (quivered)
 C - 6 javelins
Armour
 c - a +2 scale mail (worn)
 n - a +2 pair of boots (worn)
 r - a +1 pair of gloves (worn)
 D - a +0 hat of see invisible (worn)
 K - a +0 troll leather armour
Jewellery
 h - an amulet of regeneration (around neck)
Wands
 s - a wand of flame (9)
 A - a wand of digging (6)
 E - a wand of polymorph (6)
 H - a wand of charming (1)
Scrolls
 f - 2 scrolls of immolation {unknown}
 g - 2 scrolls of vulnerability {unknown}
 i - a scroll of identify
 j - 2 scrolls of magic mapping {unknown}
 k - a scroll of silence {unknown}
 l - 9 scrolls of teleportation
 o - a scroll of fog {unknown}
 y - 2 scrolls of enchant weapon {unknown}
 J - a scroll of enchant armour {unknown}
 L - a scroll of holy word {unknown}
 M - a scroll of blinking {unknown}
 N - a scroll of amnesia {unknown}
Potions
 e - 6 potions of brilliance
 q - 2 potions of berserk rage
 t - a potion of curing
 u - a potion of degeneration
 v - 2 potions of heal wounds
 w - a potion of haste
 z - 4 potions of might
 F - 2 potions of flight
 G - a potion of lignification {unknown}
 I - a potion of magic {unknown}


   Skills:
 + Level 5.3 Fighting
 + Level 4.6 Short Blades
 + Level 4.6 Long Blades
 + Level 4.6 Axes
 + Level 9.7 Maces & Flails
 + Level 4.6 Polearms
 + Level 4.6 Staves
 + Level 4.6 Slings
 + Level 4.6 Bows
 + Level 4.6 Crossbows
 + Level 6.5 Throwing
 + Level 8.1 Armour
 + Level 4.6 Dodging
 + Level 4.6 Stealth
 + Level 4.6 Shields
 + Level 4.6 Unarmed Combat
 + Level 4.6 Spellcasting
 + Level 3.8 Conjurations
 + Level 3.8 Hexes
 + Level 3.8 Summonings
 + Level 3.8 Necromancy
 + Level 3.8 Translocations
 + Level 3.8 Transmutations
 + Level 3.8 Fire Magic
 + Level 3.8 Ice Magic
 + Level 3.8 Air Magic
 + Level 3.8 Earth Magic
 + Level 3.8 Poison Magic
 + Level 5.0 Invocations
 + Level 4.6 Evocations


You had 17 spell levels left.
You didn't know any spells.
Your spell library contained the following spells:

 Spells                   Type           Power      Damage    Failure   Level
 Beastly Appendage        Tmut           24%        N/A       16%         1
 Summon Small Mammal      Summ           48%        N/A       16%         1
 Wereblood                Tmut           12%        N/A       22%         2
 Call Canine Familiar     Summ           12%        N/A       41%         3
 Spider Form              Tmut/Pois      6%         N/A       41%         3
 Summon Guardian Golem    Hex/Summ       12%        N/A       41%         3


Dungeon Overview and Level Annotations

Branches:
Dungeon (8/15)             Temple (1/1) D:7         Ossuary (visited)
   Lair: D:8-11

Altars:
Ashenzari
Elyvilon
Gozag
Hepliaklqana
Kikubaaqudgha
Makhleb
Nemelex Xobeh
Okawaru
Qazlal
Ru
Trog
Uskayaw
Vehumet
Xom
Yredelemnul
Zin
The Shining One

Shops:
D:5 :   D:7 ?

Annotations:
D:3 1 runed translucent door, exclusion: door, PocketSox's ghost, amateur MiFi
D:8 2 runed translucent doors, Joseph


Innate Abilities, Weirdness & Mutations

You have very sharp teeth.
Your uncanny sense of smell can sniff out nearby items.
Your experience applies equally to all skills.


Message History

The hornet is severely wounded.
You feel yourself speed up.
You feel very sick.
The hornet stings you but does no damage.
The hornet stings you.
You feel yourself slow down. The hornet barely misses you.
You hit the hornet but do no damage.
The hornet is severely wounded.
You feel yourself speed up.
You feel sick.
The hornet stings you but does no damage.
The hornet stings you.
You feel yourself slow down.
Unknown command.
You hit the hornet but do no damage.
The hornet is severely wounded.
You feel sick. The hornet stings you!
You feel as though you will be slow longer.
The hornet barely misses you.
The hornet stings you but does no damage.
Unknown command.
You hit the hornet.
The hornet is almost dead.
You feel sick. The hornet stings you!
You feel as though you will be slow longer.
The hornet stings you!
* * * LOW HITPOINT WARNING * * *
You are more poisoned.
You feel as though you will be slow longer.
You barely miss the hornet.
The hornet is almost dead.
You feel very sick.
The hornet stings you but does no damage.
The hornet stings you!
* * * LOW HITPOINT WARNING * * *
You feel as though you will be slow longer.
The hornet stings you but does no damage.
You hit the hornet but do no damage.
The hornet is almost dead.
You feel sick. The hornet stings you!
You die...

# ##........# ##..#
#.# #
##.####....####..##
#.# # ##.##
##.........# #.#
###.## #...#######
#.# ##..# #..## .#
#..## ##.## ##..##
##..###
#...###>....######
#.............@y.##
##..##......#####..#
##.#####.....##
##.## #.## ##.##..##
#..## #.. ..#
#.####.##
##..##..... ..##
##.# ##.##
#.........
#..#####.## #..#
###.......
#........# ##.#
#...### ########.##
#.## ...##


You could see a hornet.

Vanquished Creatures
  A troll (D:6)
  A golden eye (D:6)
  2 vampire mosquitoes (D:6)
  Menkaure (D:7)
  2 water moccasins
  2 ice beasts
  2 ogres
  2 phantoms
  A bullfrog (D:6)
  A scorpion (D:4)
  A wyvern skeleton (D:4)
  4 wights
  2 bullfrog zombies
  A centaur zombie (D:6)
  2 hounds (D:5)
  2 orc priests
  A gnoll shaman (D:7)
  5 jellies
  Jessica (D:3)
  Ijyb (D:3)
  Terence (D:2)
  2 iguanas
  Natasha (thrice) (D:3)
  10 orc wizards
  A scorpion zombie (D:5)
  A hound skeleton (D:5)
  3 mummies (D:6)
  A howler monkey zombie (D:8)
  A howler monkey skeleton (D:5)
  2 adders
  5 gnolls (D:7)
  A shadow imp (D:7)
  An ufetubus (D:5)
  2 worms
  11 orcs
  7 ball pythons
  4 bats
  3 endoplasms
  2 giant cockroaches
  4 goblins
  A hobgoblin (D:1)
  6 quokkas
  A frilled lizard (D:3)
  5 hobgoblin zombies (Ossuary)
  8 kobolds
  An orc zombie (Ossuary)
122 creatures vanquished.

Vanquished Creatures (others)
  A vampire mosquito (D:6)
1 creature vanquished.

Grand Total: 123 creatures vanquished

Notes
Turn   | Place    | Note
-------+----------+-------------------------------------------
     0 | D:1      | belegose the Gnoll Wanderer began the quest for the Orb.
     0 | D:1      | belegose set off with the following items: a +0 mace, a
                  | scroll of teleportation, a +2 scale mail
     0 | D:1      | Reached XP level 1. HP: 17/17 MP: 1/1
   306 | D:1      | Found a faded altar of an unknown god.
   376 | D:1      | Reached XP level 2. HP: 22/23 MP: 2/2
  1546 | D:2      | Noticed Terence
  1567 | D:2      | Killed Terence
  1568 | D:2      | Reached skill level 1 in Invocations
  1568 | D:2      | Reached XP level 3. HP: 27/28 MP: 2/4
  2231 | D:3      | Noticed Natasha
  2246 | D:3      | Killed Natasha
  2247 | D:3      | Reached skill level 1 in Short Blades
  2247 | D:3      | Reached skill level 1 in Long Blades
  2247 | D:3      | Reached skill level 1 in Axes
  2247 | D:3      | Reached skill level 1 in Polearms
  2247 | D:3      | Reached skill level 1 in Staves
  2247 | D:3      | Reached skill level 1 in Slings
  2247 | D:3      | Reached skill level 1 in Bows
  2247 | D:3      | Reached skill level 1 in Crossbows
  2247 | D:3      | Reached skill level 1 in Dodging
  2247 | D:3      | Reached skill level 1 in Stealth
  2247 | D:3      | Reached skill level 1 in Shields
  2247 | D:3      | Reached skill level 1 in Unarmed Combat
  2247 | D:3      | Reached skill level 1 in Spellcasting
  2247 | D:3      | Reached skill level 1 in Evocations
  2247 | D:3      | Reached XP level 4. HP: 34/34 MP: 5/5
  2468 | D:3      | Noticed Jessica
  2513 | D:3      | Killed Jessica
  2514 | D:3      | Reached skill level 1 in Conjurations
  2514 | D:3      | Reached skill level 1 in Hexes
  2514 | D:3      | Reached skill level 1 in Summonings
  2514 | D:3      | Reached skill level 1 in Necromancy
  2514 | D:3      | Reached skill level 1 in Translocations
  2514 | D:3      | Reached skill level 1 in Transmutations
  2514 | D:3      | Reached skill level 1 in Fire Magic
  2514 | D:3      | Reached skill level 1 in Ice Magic
  2514 | D:3      | Reached skill level 1 in Air Magic
  2514 | D:3      | Reached skill level 1 in Earth Magic
  2514 | D:3      | Reached skill level 1 in Poison Magic
  2620 | D:3      | Reached XP level 5. HP: 40/40 MP: 6/6
  2644 | D:3      | Noticed Natasha
  2653 | D:3      | Killed Natasha
  2753 | D:3      | Noticed Natasha
  2763 | D:3      | Killed Natasha
  2821 | D:3      | Noticed Ijyb
  2835 | D:3      | Killed Ijyb
  2865 | D:3      | Found a runed translucent door.
  2866 | D:3      | Noticed PocketSox's ghost (amateur MiFi)
  2910 | D:3      | Reached XP level 6. HP: 40/47 MP: 8/8
  3223 | D:4      | Reached skill level 5 in Throwing
  3311 | D:4      | Reached XP level 7. HP: 52/52 MP: 10/10
  3571 | D:4      | Found a stormy altar of Qazlal.
  3714 | D:5      | Entered Level 5 of the Dungeon
  3888 | D:5      | Found Cusemyvu's Book Shop.
  4000 | D:5      | Reached skill level 9 in Maces & Flails
  4185 | D:5      | Reached XP level 8. HP: 58/60 MP: 12/12
  4792 | D:6      | Found a sand-covered staircase.
  4799 | Ossuary  | Entered an ossuary
  5170 | D:6      | Noticed a hornet
  5172 | D:6      | a hornet changed into a golden eye
  5415 | D:6      | Reached XP level 9. HP: 30/66 MP: 14/14
  5644 | D:6      | Noticed a troll
  5928 | D:6      | Killed a troll
  6009 | D:6      | Reached skill level 5 in Fighting
  6113 | D:7      | Noticed Menkaure
  6114 | D:7      | Found a staircase to the Ecumenical Temple.
  6119 | D:7      | Killed Menkaure
  6126 | Temple   | Entered the Ecumenical Temple
  6182 | Temple   | Became a worshipper of Makhleb the Destroyer
  6575 | D:7      | Found a sacrificial altar of Ru.
  6629 | D:7      | Reached skill level 5 in Invocations
  6884 | D:7      | Found Widdatur's Magic Scroll Boutique.
  6893 | D:7      | Bought a scroll of identify for 26 gold pieces
  7248 | D:8      | Noticed Joseph
  7256 | D:8      | Found a large runed translucent door.
  7257 | D:8      | Found a large runed translucent door.
  7330 | D:8      | Noticed a hornet
  7359 | D:8      | Slain by a hornet

Illustrated notes

Levels and vault maps discovered:
D:1:      dpeg_arrival_boxorama, layout_basic,
          hellmonk_ecumenical_altar_slurped_away
D:2:      layout_basic, hex_intersection, uniq_terence
D:3:      layout_basic, gammafunk_ghost_grave, kennysheep_decorative_pillar,
          uniq_natasha, uniq_jessica, uniq_ijyb
D:4:      layout_basic, nicolae_qazlal_scattered_showers
D:5:      layout_basic, serial_shops, shop
D:6:      layout_basic, enter_ossuary_1, kennysheep_generic_room_6
D:7:      minmay_flawed_box, layout_gridville, general_overflow_altar,
          minmay_temple_entry_ruins, serial_shops, nicolae_lakefront_shop,
          uniq_menkaure
D:8:      layout_layer_cave, jmf_multi_god_temple2, special_room
          [special_room_orc], ebering_ghost_rock_garden, uniq_joseph
Temple:   eino_wide_crystal_templ

Skill      XL: |  1  2  3  4  5  6  7  8  9 |
---------------+----------------------------+-----
Invocations    | 1 2 3 4 5 |  5.0
Short Blades   | 1 2 3 4 |  4.6
Long Blades    | 1 2 3 4 |  4.6
Axes           | 1 2 3 4 |  4.6
Polearms       | 1 2 3 4 |  4.6
Staves         | 1 2 3 4 |  4.6
Slings         | 1 2 3 4 |  4.6
Bows           | 1 2 3 4 |  4.6
Crossbows      | 1 2 3 4 |  4.6
Dodging        | 1 2 3 4 |  4.6
Stealth        | 1 2 3 4 |  4.6
Shields        | 1 2 3 4 |  4.6
Unarmed Combat | 1 2 3 4 |  4.6
Spellcasting   | 1 2 3 4 |  4.6
Evocations     | 1 2 3 4 |  4.6
Conjurations   | 1 2 3 |  3.8
Hexes          | 1 2 3 |  3.8
Summonings     | 1 2 3 |  3.8
Necromancy     | 1 2 3 |  3.8
Translocations | 1 2 3 |  3.8
Transmutations | 1 2 3 |  3.8
Fire Magic     | 1 2 3 |  3.8
Ice Magic      | 1 2 3 |  3.8
Air Magic      | 1 2 3 |  3.8
Earth Magic    | 1 2 3 |  3.8
Poison Magic   | 1 2 3 |  3.8
Fighting       | 3 4 5 |  5.3
Throwing       | 5 6 |  6.5
Armour         | 7 8 |  8.1
Maces & Flails | 9 |  9.7

Action                   |  1- 3 |  4- 6 |  7- 9 || total
-------------------------+-------+-------+-------++-------
Melee: Mace              |    54 |       |       ||    54
       Bite              |     6 |     8 |    50 ||    64
       Short sword       |    35 |   130 |   107 ||   272
       Punch             |     1 |       |     7 ||     8
       Morningstar       |       |       |     8 ||     8
       Trident           |       |       |   412 ||   412
Throw: Dart              |       |     4 |     7 ||    11
Evoke: Wand              |       |     3 |    22 ||    25
  Use: Scroll            |       |       |     7 ||     7
Armor: Scale mail        |    49 |    58 |   292 ||   399
Dodge: Dodged            |    38 |    48 |   268 ||   354
